ITL
ALLENTOWN HILLBILLIES @ OTSEGO BULLDOGS
09/06/2026
 
TOP OF THE 1ST
Allentown Hillbillies batting - Pitching for Otsego Bulldogs : RHP Manny Benavides
Pitching: RHP Manny Benavides
Batting: LHB Miguel Colón 0-0: Swinging Strike
0-1: Foul Ball, location: 2F
0-2: Strikes out swinging
Batting: RHB Gustavo Ortíz 0-0: Called Strike
0-1: Ball
1-1: Foul Ball, location: 2F
1-2: Ball
2-2: Ball
3-2: Strikes out looking
Batting: SHB Oliver Deleón 0-0: Ground out 5-3 (Groundball, 56)
Top of the 1st over - 0 run(s), 0 hit(s), 0 error(s), 0 left on base; Allentown 0 - Otsego 0
BOTTOM OF THE 1ST
Otsego Bulldogs batting - Pitching for Allentown Hillbillies : RHP Okura Oike
Pitching: RHP Okura Oike
Batting: LHB Mario Cornelo 0-0: Ball
1-0: Ball
2-0: Ball
3-0: Foul Ball, location: 2F
3-1: Called Strike
3-2: SINGLE (Groundball, 4M)
Batting: RHB Armando Cuevas 0-0: Called Strike
0-1: Ball
1-1: Ball
Mario Cornelo steals 2nd base
2-1: SINGLE (Groundball, 5)
Mario Cornelo to third
Runner from 3rd tries for Home, SAFE, no throw or cutoff
Batting: LHB George Wood 0-0: Foul Ball, location: 2F
0-1: Foul Ball, location: 2F
0-2: SINGLE (Line Drive, 8RS)
Armando Cuevas to second
Batting: RHB Jesús Tisnado 0-0: Fly out, F8 (Flyball, 8RD)
Runner from 2nd tags up, SAFE at 3rd, no throw
Batting: RHB Cristo García 0-0: Ball
George Wood steals 2nd base
1-0: Swinging Strike
1-1: Ball
2-1: Ball
3-1: Swinging Strike
3-2: Ground out 6-3 (Groundball, 6M)
Armando Cuevas scores
George Wood to third
Batting: RHB Jim Beck 0-0: Ground out 6-3 (Groundball, 6M)
Bottom of the 1st over - 2 run(s), 3 hit(s), 0 error(s), 1 left on base; Allentown 0 - Otsego 2
TOP OF THE 2ND
Allentown Hillbillies batting - Pitching for Otsego Bulldogs : RHP Manny Benavides
Batting: RHB Carl Brown 0-0: Called Strike
0-1: Foul Ball, location: 2F
0-2: Ball
1-2: Foul Ball, location: 2F
1-2: Foul Ball, location: 2F
1-2: SOLO HOME RUN (Flyball, 7D), Distance : 367 ft
Batting: RHB Millard Stark 0-0: Ball
1-0: SINGLE (Flyball, 89S)
Batting: RHB Diego Rivera 0-0: Ball
1-0: Ball
2-0: Called Strike
2-1: Foul Ball, location: 2F
2-2: Strikes out looking
Batting: SHB Juan Acevado 0-0: Swinging Strike
0-1: Fly out, F7 (Flyball, 7M)
Batting: RHB Wyatt McKinnon 0-0: Called Strike
0-1: Called Strike
Millard Stark is caught stealing 2nd base
Top of the 2nd over - 1 run(s), 2 hit(s), 0 error(s), 0 left on base; Allentown 1 - Otsego 2
BOTTOM OF THE 2ND
Otsego Bulldogs batting - Pitching for Allentown Hillbillies : RHP Okura Oike
Batting: LHB Martin Davis 0-0: Called Strike
0-1: Swinging Strike
0-2: Ball
1-2: Ball
2-2: Ball
3-2: Base on Balls
Batting: RHB Felipe Rego 0-0: 2-RUN HOME RUN (Flyball, 8LXD), Distance : 415 ft
Batting: RHB Kyung-bok Cho 0-0: Foul Ball, location: 2F
0-1: Ball
1-1: Swinging Strike
1-2: Strikes out swinging
Batting: LHB Mario Cornelo 0-0: Ball
1-0: Called Strike
1-1: Swinging Strike
1-2: Foul Ball, location: 2F
1-2: Ground out 5-3 (Groundball, 56)
Batting: RHB Armando Cuevas 0-0: Ball
1-0: Fly out, F8 (Flyball, 8RM)
Bottom of the 2nd over - 2 run(s), 1 hit(s), 0 error(s), 0 left on base; Allentown 1 - Otsego 4
TOP OF THE 3RD
Allentown Hillbillies batting - Pitching for Otsego Bulldogs : RHP Manny Benavides
Batting: RHB Wyatt McKinnon 0-0: Ball
1-0: DOUBLE (Flyball, 9LD)
Batting: RHB Joel Jackson 0-0: Ball
1-0: Fly out, F7 (Line Drive, 7LM)
Batting: LHB Miguel Colón 0-0: Foul Ball, location: 2F
0-1: Ball
1-1: Ball
2-1: Swinging Strike
2-2: Foul Ball, location: 2F
2-2: Ball
3-2: Base on Balls
Batting: RHB Gustavo Ortíz 0-0: Called Strike
Wyatt McKinnon steals 3rd base
Miguel Colón to second
0-1: Ball
1-1: Ball
2-1: Ball
3-1: Foul Ball, location: 2F
3-2: Foul Ball, location: 2F
3-2: SINGLE (Groundball, 34)
Wyatt McKinnon scores
Miguel Colón to third
Runner from 3rd tries for Home, SAFE, no throw or cutoff
Batting: SHB Oliver Deleón 0-0: DOUBLE (Line Drive, 7LM)
Gustavo Ortíz to third
Batting: RHB Carl Brown 0-0: Ball
1-0: Ground out 4-3 (Groundball, 4)
Gustavo Ortíz scores
Oliver Deleón to third
Batting: RHB Millard Stark 0-0: Called Strike
0-1: Foul Ball, location: 2F
0-2: Foul Ball, location: 2F
0-2: Ball
1-2: Ball
2-2: Foul Ball, location: 2F
2-2: Ball
3-2: Fly out, F7 (Flyball, 78XD)
Top of the 3rd over - 3 run(s), 3 hit(s), 0 error(s), 1 left on base; Allentown 4 - Otsego 4
BOTTOM OF THE 3RD
Otsego Bulldogs batting - Pitching for Allentown Hillbillies : RHP Okura Oike
Batting: LHB George Wood 0-0: SINGLE (Groundball, 4MD)
Batting: RHB Jesús Tisnado 0-0: Foul Ball, location: 2F
0-1: Ball
1-1: Foul Ball, location: 2F
1-2: Strikes out swinging
Batting: RHB Cristo García 0-0: Grounds into double play, U4-3 (Groundball, 4)
Bottom of the 3rd over - 0 run(s), 1 hit(s), 0 error(s), 0 left on base; Allentown 4 - Otsego 4
TOP OF THE 4TH
Allentown Hillbillies batting - Pitching for Otsego Bulldogs : RHP Manny Benavides
Batting: RHB Diego Rivera 0-0: Swinging Strike
0-1: Ball
1-1: Foul Ball, location: 2F
1-2: Foul Ball, location: 2F
1-2: Ground out 6-3 (Groundball, 6)
Batting: SHB Juan Acevado 0-0: Ground out 4-3 (Groundball, 4)
Batting: RHB Wyatt McKinnon 0-0: Ball
1-0: Swinging Strike
1-1: Foul Ball, location: 2F
1-2: Strikes out swinging
Top of the 4th over - 0 run(s), 0 hit(s), 0 error(s), 0 left on base; Allentown 4 - Otsego 4
BOTTOM OF THE 4TH
Otsego Bulldogs batting - Pitching for Allentown Hillbillies : RHP Okura Oike
Batting: RHB Jim Beck 0-0: Ball
1-0: Swinging Strike
1-1: Ball
2-1: Ball
3-1: Fly out, F8 (Flyball, 8LS)
Batting: LHB Martin Davis 0-0: Ball
1-0: Fly out, F9 (Flyball, 9D)
Batting: RHB Felipe Rego 0-0: Ball
1-0: Reached on error, E3 (Groundball, 3L)
Batting: RHB Kyung-bok Cho 0-0: Ball
1-0: Ball
2-0: Called Strike
2-1: Swinging Strike
2-2: Strikes out looking
Bottom of the 4th over - 0 run(s), 0 hit(s), 1 error(s), 1 left on base; Allentown 4 - Otsego 4
TOP OF THE 5TH
Allentown Hillbillies batting - Pitching for Otsego Bulldogs : RHP Manny Benavides
Batting: RHB Joel Jackson 0-0: Ball
1-0: Swinging Strike
1-1: Foul Ball, location: 2F
1-2: Ground out 6-3 (Groundball, 6M)
Batting: LHB Miguel Colón 0-0: Ball
1-0: Swinging Strike
1-1: Fly out, F7 (Flyball, 78S)
Batting: RHB Gustavo Ortíz 0-0: Called Strike
0-1: Called Strike
0-2: Ball
1-2: Ball
2-2: Ground out 1-3 (Groundball, 15)
Top of the 5th over - 0 run(s), 0 hit(s), 0 error(s), 0 left on base; Allentown 4 - Otsego 4
BOTTOM OF THE 5TH
Otsego Bulldogs batting - Pitching for Allentown Hillbillies : RHP Okura Oike
Batting: LHB Mario Cornelo 0-0: Called Strike
0-1: Swinging Strike
0-2: Strikes out swinging
Batting: RHB Armando Cuevas 0-0: Ball
1-0: Called Strike
1-1: Called Strike
1-2: Foul Ball, location: 2F
1-2: Ball
2-2: Ball
3-2: Base on Balls
Batting: LHB George Wood 0-0: Called Strike
0-1: SINGLE (Groundball, 4M)
Armando Cuevas to second
Batting: RHB Jesús Tisnado 0-0: Called Strike
0-1: Foul Ball, location: 2F
0-2: Hit by Pitch
Armando Cuevas to third
George Wood to second
Batting: RHB Cristo García 0-0: Foul Ball, location: 2F
0-1: Ball
1-1: Foul Ball, location: 2F
1-2: Ball
2-2: Reached on error, E5 (Groundball, 5L)
Armando Cuevas scores
George Wood to third
Jesús Tisnado to second
Batting: RHB Jim Beck 0-0: Ball
1-0: Ball
2-0: Ball
3-0: Called Strike
3-1: Foul Ball, location: 2F
3-2: Fly out, F8 (Flyball, 8RXD)
Runner from 3rd tags up, SCORES, no throw
Batting: LHB Martin Davis 0-0: Ground out 1-3 (Groundball, 15)
Bottom of the 5th over - 2 run(s), 1 hit(s), 1 error(s), 2 left on base; Allentown 4 - Otsego 6
TOP OF THE 6TH
Allentown Hillbillies batting - Pitching for Otsego Bulldogs : RHP Manny Benavides
Batting: SHB Oliver Deleón 0-0: Foul Ball, location: 2F
0-1: Ball
1-1: Ground out 1-3 (Groundball, 15S)
Batting: RHB Carl Brown 0-0: Called Strike
0-1: Swinging Strike
0-2: Foul Ball, location: 2F
0-2: Foul Ball, location: 2F
0-2: Fly out, F2 (Popup, 2RF)
Batting: RHB Millard Stark 0-0: Ground out 6-3 (Groundball, 6)
Top of the 6th over - 0 run(s), 0 hit(s), 0 error(s), 0 left on base; Allentown 4 - Otsego 6
BOTTOM OF THE 6TH
Otsego Bulldogs batting - Pitching for Allentown Hillbillies : RHP Okura Oike
Batting: RHB Felipe Rego 0-0: Ball
1-0: Called Strike
1-1: Ball
2-1: Swinging Strike
2-2: Ball
3-2: Base on Balls
Pitching: RHP Pepe Fernández
Batting: RHB Kyung-bok Cho 0-0: Ball
1-0: DOUBLE (Groundball, 5L)
Felipe Rego to third
Batting: LHB Mario Cornelo 0-0: SINGLE (Groundball, 34D)
Felipe Rego scores
Kyung-bok Cho to third
Runner from 3rd tries for Home, SAFE, no throw or cutoff
Batting: RHB Armando Cuevas 0-0: Called Strike
0-1: Foul Ball, location: 2F
0-2: Ball
Mario Cornelo steals 2nd base
1-2: Ball
2-2: Foul Ball, location: 2F
2-2: Foul Ball, location: 2F
2-2: SINGLE (Flyball, 56D)
Mario Cornelo to third
Batting: LHB George Wood 0-0: Fly out, F4 (Line Drive, 4)
Batting: RHB Jesús Tisnado 0-0: Called Strike
0-1: Ball
1-1: Ball
2-1: Ball
3-1: Foul Ball, location: 2F
3-2: Strikes out swinging
Batting: RHB Cristo García 0-0: Called Strike
0-1: Ball
1-1: Fielders Choice at 2nd, 5-4 (Groundball, 5)
Bottom of the 6th over - 2 run(s), 3 hit(s), 0 error(s), 1 left on base; Allentown 4 - Otsego 8
TOP OF THE 7TH
Allentown Hillbillies batting - Pitching for Otsego Bulldogs : RHP Manny Benavides
Pitching: RHP Cooper Moore
Batting: RHB Diego Rivera 0-0: Called Strike
0-1: Ball
1-1: Ball
2-1: Ball
3-1: Base on Balls
Batting: SHB Juan Acevado 0-0: Ball
1-0: Ball
2-0: Grounds into double play, 4-6-3 (Groundball, 4)
Batting: RHB Wyatt McKinnon 0-0: Swinging Strike
0-1: Called Strike
0-2: Ball
1-2: Fly out, F8 (Flyball, 8LS)
Top of the 7th over - 0 run(s), 0 hit(s), 0 error(s), 0 left on base; Allentown 4 - Otsego 8
BOTTOM OF THE 7TH
Otsego Bulldogs batting - Pitching for Allentown Hillbillies : RHP Pepe Fernández
Batting: RHB Jim Beck 0-0: Ball
1-0: Ball
2-0: Ground out U3 (Groundball, 3S)
Batting: LHB Martin Davis 0-0: Ball
1-0: Ball
2-0: Called Strike
2-1: Fly out, F8 (Line Drive, 8RM)
Batting: RHB Felipe Rego 0-0: Called Strike
0-1: Called Strike
0-2: Foul Ball, location: 2F
0-2: Ball
1-2: Foul Ball, location: 2F
1-2: Foul Ball, location: 2F
1-2: Strikes out looking
Bottom of the 7th over - 0 run(s), 0 hit(s), 0 error(s), 0 left on base; Allentown 4 - Otsego 8
TOP OF THE 8TH
Allentown Hillbillies batting - Pitching for Otsego Bulldogs : RHP Cooper Moore
Batting: RHB Joel Jackson 0-0: Ball
1-0: Called Strike
1-1: Ground out 4-3 (Groundball, 4M)
Batting: LHB Miguel Colón 0-0: Ground out 5-3 (Groundball, 56S)
Batting: RHB Gustavo Ortíz 0-0: Foul Ball, location: 2F
0-1: Ball
1-1: SINGLE (Groundball, 56D)
Batting: SHB Oliver Deleón 0-0: Ball
1-0: Called Strike
1-1: Ball
2-1: Ball
3-1: Base on Balls
Gustavo Ortíz to second
Pitching: LHP Bob Quested
Batting: RHB Carl Brown 0-0: Ball
1-0: Foul Ball, location: 2F
1-1: Fly out, F7 (Flyball, 7M)
Top of the 8th over - 0 run(s), 1 hit(s), 0 error(s), 2 left on base; Allentown 4 - Otsego 8
BOTTOM OF THE 8TH
Otsego Bulldogs batting - Pitching for Allentown Hillbillies : RHP Pepe Fernández
Pitching: RHP Drew Schaefer
Batting: RHB Kyung-bok Cho 0-0: Ball
1-0: Foul Ball, location: 2F
1-1: Ball
2-1: Ball
3-1: Ground out 5-3 (Groundball, 56)
Batting: LHB Mario Cornelo 0-0: Called Strike
0-1: TRIPLE (Line Drive, 9LS)
Batting: RHB Armando Cuevas 0-0: Called Strike
0-1: Ball
1-1: Ball
2-1: Swinging Strike
2-2: Ground out 5-3 (Groundball, 5S)
Batting: LHB George Wood 0-0: Called Strike
0-1: Ball
1-1: Swinging Strike
1-2: Foul Ball, location: 2F
1-2: Ball
2-2: Ball
3-2: Base on Balls
Batting: RHB Jesús Tisnado 0-0: Ball
1-0: Ball
2-0: Ground out 5-3 (Groundball, 5S)
Bottom of the 8th over - 0 run(s), 1 hit(s), 0 error(s), 2 left on base; Allentown 4 - Otsego 8
TOP OF THE 9TH
Allentown Hillbillies batting - Pitching for Otsego Bulldogs : LHP Bob Quested
Batting: RHB Millard Stark 0-0: Swinging Strike
0-1: Ball
1-1: Foul Ball, location: 2F
1-2: Strikes out swinging
Batting: RHB Diego Rivera 0-0: Called Strike
0-1: SOLO HOME RUN (Line Drive, 7D), Distance : 384 ft
Pitching: RHP Ricardo Trujillo
Batting: SHB Juan Acevado 0-0: SINGLE (Flyball, 3D)
Batting: RHB Wyatt McKinnon 0-0: Called Strike
0-1: Foul Ball, location: 2F
0-2: Grounds into double play, 1-6-3 (Groundball, 13S)
Top of the 9th over - 1 run(s), 2 hit(s), 0 error(s), 0 left on base; Allentown 5 - Otsego 8
Monday, December 5th, 2016 - OOTP Baseball 17.12 Build 75